 Dungeon Crawl Stone Soup version 0.31.0-1-g2c135a0 (webtiles) character file.

Game seed: 12678863238793515480

182 Think the Ducker (level 5, -13/36 HPs)
             Began as an Octopode Fighter on Jan 28, 2024.
             Blown up by a gnoll (20 damage)
             ... with a mindburst bolt
             ... led by a gnoll bouda
             ... on level 4 of the Dungeon on Feb 7, 2024.
             The game lasted 00:05:41 (2852 turns).

Think the Ducker (Octopode Fighter)                 Turns: 2852, Time: 00:05:41

Health: -13/36     AC:  1    Str: 15    XL:     5   Next: 61%
Magic:  5/5        EV: 14    Int: 10    God:
Gold:   195        SH:  5    Dex: 14    Spells: 4/4 levels left

rFire   . . .        a - +0 long sword
rCold   . . .        b - +0 buckler
rNeg    . . .        (helmet restricted)
rPois   +            (no amulet)
rElec   .            t - ring of poison resistance
rCorr   .            (no ring)
SInv    .            (no ring)
Will    .....        (no ring)
Stlth   ++++         (no ring)
HPRegen 0.26/turn    (no ring)
MPRegen 0.09/turn    (no ring)
                     (no ring)

%: no passive effects
@: no status effects
A: almost no armour, amphibious, 8 rings, camouflage 1, gelatinous body 1,
(nimble swimmer 1), tentacles
a: no special abilities


You were on level 4 of the Dungeon.
You visited 1 branch of the dungeon, and saw 4 of its levels.

You collected 195 gold pieces.

Inventory:

Hand Weapons
 a - a +0 long sword (weapon)
 h - a +1 short sword of holy wrath
Missiles
 p - 3 javelins (quivered)
Armour
 b - a +0 buckler (worn)
Jewellery
 q - a ring of fire
 t - a ring of poison resistance (left tentacle)
Scrolls
 e - a scroll of summoning {unknown}
 g - a scroll of acquirement {unknown}
 i - 2 scrolls of identify
 j - a scroll of fear {unknown}
 k - a scroll of enchant weapon {unknown}
 l - 3 scrolls of teleportation
 n - 2 scrolls of revelation {unknown}
 o - a scroll of vulnerability {unknown}
 r - a scroll of amnesia {unknown}
 s - a scroll of fog {unknown}
Potions
 c - 3 potions of might
 d - 3 potions of heal wounds {unknown}
 f - 4 potions of curing {unknown}
 m - a potion of resistance {unknown}


   Skills:
 - Level 3.0 Fighting
 - Level 2.0 Long Blades
 + Level 5.3 Dodging
 - Level 4.0 Stealth
 - Level 3.0 Shields


You had 4 spell levels left.
You didn't know any spells.
Your spell library contained the following spells:

 Spells                   Type           Power      Damage    Failure   Level
 Necrotise                Necr           0%         1d4       45%         1
 Blink                    Tloc           0%         N/A       58%         2
 Lesser Beckoning         Tloc           0%         N/A       58%         2
 Momentum Strike          Conj/Tloc      0%         3d8       58%         2
 Stone Arrow              Conj/Erth      0%         3d7       83%         3
 Vampiric Draining        Necr           0%         2d6       83%         3
 Martyr's Knell           Necr/Summ      0%         N/A       99%         4
 Curse of Agony           Necr           0%         N/A       100%        5
 Lehudib's Crystal Spear  Conj/Erth      0%         10d2      100%        8
 Animate Armour           Summ/Erth      Unusable   N/A       N/A         4

Dungeon Overview and Level Annotations

Branches:
Dungeon (4/15)
 Temple: D:4-7

Altars:
Ashenzari
Dithmenos
The Shining One


Innate Abilities, Weirdness & Mutations

You cannot wear most types of armour.
You are amphibious.
You can wear up to eight rings at the same time.
Your skin changes colour to match your surroundings (Stealth+).
Your rubbery body absorbs attacks. (AC +1, EV +1)
((You are camouflaged when in or above water. (Stealth+)))
You have tentacles for arms and can constrict up to eight enemies at once.


Message History

You kill the bombardier beetle!
The liquid fire burns you!
You shake off some of the fire as you move.
The liquid fire burns you!
You shake off some of the fire as you move.
The liquid fire burns you!
You shake off the liquid fire.
You start resting.
HP restored.
You start waiting.
A gnoll bouda is nearby!
The gnoll bouda shouts!
You hear a shout! x2
The gnoll bouda barks out a call to the hunt!
There is a stone staircase leading up here.
You start waiting.
A gnoll bouda is nearby!
A gnoll bouda is nearby!
A gnoll bouda is nearby!
The gnoll bouda gazes fiercely through you!
You feel your attacks grow feeble.
You hear a shout! x2
The gnoll bouda barks out a call to the hunt!
The gnoll shouts!
The gnoll bouda barks out a call to the hunt!
The gnoll picks up the pace!
The gnoll bouda gazes fiercely through you!
You feel as though you will be weak longer.
You climb upwards.
There is a stone staircase leading down here.
You start waiting.
Your attacks no longer feel as feeble.
You climb downwards.
The gnoll hits you with a +0 club! The gnoll hits you with a +0 club.
The gnoll bouda hits you with a +0 whip.
There is a stone staircase leading up, spattered with blood here.
The gnoll hits you from afar with a +0 halberd!
* * * LOW HITPOINT WARNING * * *
The gnoll zaps a wand.
Your mind is blasted!
Ouch! That really hurt!
You die...

###..........##.....
#......#####........
#.......# #.#......
##......## ###......
#..##.<.## ##......
##. ##...# #.......
######..# ##.#..##
##g....## #....##
#g@....### ##.....
##..gg...####..)...
###g..†........##.
#............####
##..##.........##
##.g#....##.#...#
#.......##.......
##...............
#................


You could see a gnoll bouda and 5 gnolls.

Vanquished Creatures
  A bullfrog (D:3)
  A bombardier beetle (D:4)
  2 adders
  2 dart slugs (D:1)
  2 orcs
  5 ball pythons
  7 endoplasms
  4 giant cockroaches
  5 goblins
  9 hobgoblins
  6 bats
  3 frilled lizards
  7 kobolds
  5 rats
59 creatures vanquished.

Notes
Turn   | Place    | Note
-------+----------+-------------------------------------------
     0 | D:1      | Think the Octopode Fighter began the quest for the Orb.
     0 | D:1      | Reached XP level 1. HP: 16/16 MP: 1/1
   137 | D:1      | Reached XP level 2. HP: 16/21 MP: 2/2
   283 | D:1      | Reached skill level 4 in Dodging
   537 | D:1      | Reached XP level 3. HP: 26/26 MP: 3/3
  1239 | D:2      | Found a shadowy altar of Dithmenos.
  1508 | D:2      | Reached skill level 1 in Stealth
  1848 | D:3      | Reached XP level 4. HP: 31/31 MP: 4/4
  2092 | D:3      | Found a broken altar of Ashenzari.
  2092 | D:3      | Noticed a bullfrog
  2093 | D:3      | Found a glowing golden altar of the Shining One.
  2097 | D:3      | Killed a bullfrog
  2098 | D:3      | Reached XP level 5. HP: 25/36 MP: 5/5
  2514 | D:4      | Reached skill level 5 in Dodging
  2852 | D:4      | Blown up by a gnoll

Illustrated notes

Levels and vault maps discovered:
D:1:      dpeg_arrival_boxes_within_box, layout_basic, patterned_corridor
D:2:      layout_basic, basic_altar, serial_bayou_pond_b,
          kennysheep_pointless_box
D:3:      wander_river, layout_loops_cross, jmf_multi_god_temple,
          nicolae_kite_square_tiling_tiny
D:4:      layout_cave_pools, lemuel_tele_altar

Skill      XL: |  1  2  3  4  5 |
---------------+----------------+-----
Dodging        | 4 5 |  5.3
Stealth        | 1 4 |  4.0
Fighting       | |  3.0
Long Blades    | |  2.0
Shields        | |  3.0

Action                     |  1- 3 |  4- 6 || total
---------------------------+-------+-------++-------
  Melee: Long sword        |    67 |    33 ||   100
         Tentacles         |    20 |     4 ||    24
         Constrict         |    22 |     8 ||    30
         Punch             |     1 |       ||     1
         Short sword       |    11 |       ||    11
  Throw: Javelin           |       |     1 ||     1
    Use: Scroll            |       |     2 ||     2
   Stab: Sleeping          |     6 |     6 ||    12
         Distracted        |       |     1 ||     1
 Armour: Skin              |    31 |    15 ||    46
  Dodge: Dodged            |    51 |    25 ||    76
  Block: Buckler           |    11 |     5 ||    16
